Workbook

Sheet 1. Доходы бюджета
F1: Утв. приказом Минфина РФ
F2: от 28 декабря 2010 г. № 191н
F3: (в ред. от 19 декабря 2014 г.)
A5: ОТЧЕТ ОБ ИСПОЛНЕНИИ БЮДЖЕТА | F5: КОДЫ
E6: Форма по ОКУД | F6: 0503117
A7: на 1 августа 2022 г. | E7: Дата | F7: 01.08.2022
A8: Наименование | E8: по ОКПО | F8: 44098922
A9: финансового органа: | B9: Управление финансов администрации города Байконур | E9: Глава по БК
A10: Наименование публично-правового образования: | B10: Внебюджетные фонды | E10: по ОКТМО | F10: 55000000
A11: Периодичность: месячная, квартальная, годовая
A12: Единица измерения: руб. | E12: по ОКЕИ | F12: 383
A14: 1. ДОХОДЫ БЮДЖЕТА
A16: Наименование показателя | B16: Код строки | C16: Код дохода по бюджетной классификации | D16: Утверждённые бюджетные назначения | E16: Исполнено | F16: Неисполненные назначения
A18: 1 | B18: 2 | C18: 3 | D18: 4 | E18: 5 | F18: 6
A19: Доходы бюджета - всего в том числе: | B19: 010 | C19: x | D19: =SUM(D20:D162) -> 3535941650 | E19: =SUM(E20:E162) -> 2.0158315e+09 | F19: =D19-E19 -> 1.5201102e+09
A20: Налог на прибыль организаций (за исключением консолидированных групп налогоплательщиков), зачисляемый в федеральный бюджет | B20: 010 | C20: 00010101011010000110 | D20: 0 | E20: -0.35 | F20: 0
A21: Налог на прибыль организаций (за исключением консолидированных групп налогоплательщиков), зачисляемый в бюджеты субъектов Российской Федерации | B21: 010 | C21: 00010101012020000110 | D21: 145229000 | E21: 89396302 | F21: 55832698
A22: Налог на доходы физических лиц с доходов, источником которых является налоговый агент, за исключением доходов, в отношении которых исчисление и уплата налога осуществляются в соответствии со статьями 227, 2271 и 228 Налогового кодекса Российской Федерации | B22: 010 | C22: 00010102010010000110 | D22: 1273402000 | E22: 6.5665632e+08 | F22: 6.1674568e+08
A23: Налог на доходы физических лиц с доходов, полученных от осуществления деятельности физическими лицами, зарегистрированными в качестве индивидуальных предпринимателей, нотариусов, занимающихся частной практикой, адвокатов, учредивших адвокатские кабинеты, и других лиц, занимающихся частной практикой в соответствии со статьей 227 Налогового кодекса Российской Федерации | B23: 010 | C23: 00010102020010000110 | D23: 600000 | E23: 50868.68 | F23: 549131.32
A24: Налог на доходы физических лиц с доходов, полученных физическими лицами в соответствии со статьей 228 Налогового кодекса Российской Федерации | B24: 010 | C24: 00010102030010000110 | D24: 1300000 | E24: 1249094.5 | F24: 50905.53
A25: Налог на добавленную стоимость на товары (работы, услуги), реализуемые на территории Российской Федерации | B25: 010 | C25: 00010301000010000110 | D25: 188618000 | E25: 55256165 | F25: 1.3336184e+08
A26: Доходы от уплаты акцизов на алкогольную продукцию с объемной долей этилового спирта свыше 9 процентов (за исключением пива, вин, фруктовых вин, игристых вин (шампанских), винных напитков, изготавливаемых без добавления ректификованного этилового спирта, произведенного из пищевого сырья, и (или) спиртованных виноградного или иного фруктового сусла, и (или) винного дистиллята, и (или) фруктового дистиллята), подлежащие распределению в бюджеты субъектов Российской Федерации (по нормативам, установленным Федеральным законом о федеральном бюджете в целях компенсации снижения доходов бюджетов субъектов Российской Федерации в связи с исключением движимого имущества из объектов налогообложения по налогу на имущество организаций) | B26: 010 | C26: 00010302143010000110 | D26: 48843100 | E26: 28097464 | F26: 20745636
A27: Доходы от уплаты акцизов на дизельное топливо, подлежащие распределению между бюджетами субъектов Российской Федерации и местными бюджетами с учетом установленных дифференцированных нормативов отчислений в местные бюджеты (по нормативам, установленным Федеральным законом о федеральном бюджете в целях формирования дорожных фондов субъектов Российской Федерации) | B27: 010 | C27: 00010302231010000110 | D27: 31039780 | E27: 21189407 | F27: 9850373.1
A28: Доходы от уплаты акцизов на моторные масла для дизельных и (или) карбюраторных (инжекторных) двигателей, подлежащие распределению между бюджетами субъектов Российской Федерации и местными бюджетами с учетом установленных дифференцированных нормативов отчислений в местные бюджеты (по нормативам, установленным Федеральным законом о федеральном бюджете в целях формирования дорожных фондов субъектов Российской Федерации) | B28: 010 | C28: 00010302241010000110 | D28: 171820 | E28: 105765.16 | F28: 66054.84
A29: Доходы от уплаты акцизов на автомобильный бензин, подлежащие распределению между бюджетами субъектов Российской Федерации и местными бюджетами с учетом установленных дифференцированных нормативов отчислений в местные бюджеты (по нормативам, установленным Федеральным законом о федеральном бюджете в целях формирования дорожных фондов субъектов Российской Федерации) | B29: 010 | C29: 00010302251010000110 | D29: 41332850 | E29: 24478351 | F29: 16854499
A30: Доходы от уплаты акцизов на прямогонный бензин, подлежащие распределению между бюджетами субъектов Российской Федерации и местными бюджетами с учетом установленных дифференцированных нормативов отчислений в местные бюджеты (по нормативам, установленным Федеральным законом о федеральном бюджете в целях формирования дорожных фондов субъектов Российской Федерации) | B30: 010 | C30: 00010302261010000110 | D30: -3892230 | E30: -1644861.2 | F30: 0
A31: Налог на добавленную стоимость на товары, ввозимые на территорию Российской Федерации | B31: 010 | C31: 00010401000010000110 | D31: 129659000 | E31: 63849384 | F31: 65809616
A32: Акцизы по подакцизным товарам (продукции), ввозимым на территорию Российской Федерации | B32: 010 | C32: 00010402000010000110 | D32: 0 | E32: 0 | F32: 0
A33: Акцизы на этиловый спирт из пищевого сырья (дистилляты винный, виноградный, плодовый, коньячный, кальвадосный, висковый), ввозимый на территорию Российской Федерации | B33: 010 | C33: 00010402012010000110 | D33: 295000 | E33: 284.58 | F33: =D33-E33 -> 294715.42
A34: Акцизы на спиртосодержащую продукцию, ввозимую на территорию Российской Федерации | B34: 010 | C34: 00010402020010000110 | D34: 0 | E34: -13723.14 | F34: 0
A35: Акцизы на автомобильный бензин, ввозимый на территорию Российской Федерации | B35: 010 | C35: 00010402040010000110 | D35: 0 | E35: 182192.38 | F35: 0
A36: Акцизы на моторные масла для дизельных и (или) карбюраторных (инжекторных) двигателей, ввозимые на территорию Российской Федерации | B36: 010 | C36: 00010402080010000110 | D36: 0 | E36: 2 | F36: 0
A37: Акцизы на пиво, ввозимое на территорию Российской Федерации | B37: 010 | C37: 00010402100010000110 | D37: 0 | E37: 30410.99 | F37: 0
A38: Налог, взимаемый с налогоплательщиков, выбравших в качестве объекта налогобложения доходы | B38: 010 | C38: 00010501011010000110 | D38: 26181000 | E38: 19300332 | F38: 6880668.2
A39: Налог, взимаемый с налогоплательщиков, выбравших в качестве объекта налогобложения доходы (за налоговые периоды, истекшие до 1 января 2011 года) | B39: 010 | C39: 00010501012010000110 | D39: 0 | E39: -0.11 | F39: 0
A40: Налог, взимаемый с налогоплательщиков, выбравших в качестве объекта налогобложения доходы, уменьшенные на величину расходов | B40: 010 | C40: 00010501021010000110 | D40: 34598000 | E40: 26658171 | F40: 7939829.5
A41: Единый налог на вменённый доход для отдельных видов деятельности | B41: 010 | C41: 00010502010020000110 | D41: 0 | E41: 315947.78 | F41: 0
A42: Единый налог на вменённый доход для отдельных видов деятельности за налоговые периоды, истекшие до 1 января 2011 года) | B42: 010 | C42: 00010502020020000110 | D42: 0 | E42: -233.72 | F42: 0
A43: Налог, взимаемый в связи с применением патентной системы налогообложения, зачисляемый в бюджеты городских округов | B43: 010 | C43: 00010504010020000110 | D43: 5518000 | E43: 2668773.9 | F43: 2849226.1
A44: Налог, взимаемый в связи с применением патентной системы налогообложения, зачисляемый в бюджеты городских округов с внутригородским делением | B44: 010 | C44: 00010504040020000110 | D44: 0 | E44: -74831 | F44: 0
A45: Налог на профессиональный доход | B45: 010 | C45: 00010506000010000110 | D45: 0 | E45: 2318.95 | F45: 0
... A63: Государственная пошлина за государственную регистрацию транспортных средств и иные юридически значимые действия, связанные с изменениями и выдачей документов на транспортные средства, регистрационных знаков, водительских удостоверений | B63: 010 | C63: 00010807140010000110 | D63: 0 | E63: 0 | F63: 0
A64: Госпошлина за государственную регистрацию транспортных средств и иные юридически значимые действия уполномоченных федеральных госорганов, связанные с изменением и выдачей документов на транспортные средства, регистр знаков, водительских удостоверений | B64: 010 | C64: 00010807141010000110 | D64: 3005000 | E64: =1359530+29300 -> 1388830 | F64: =D64-E64 -> 1616170
A65: Государственная пошлина за выдачу разрешения на установку рекламной конструкции | B65: 010 | C65: 00010807150010000110 | D65: 10000 | E65: 0 | F65: 10000
A66: Государственная пошлина за выдачу органом исполнительной власти субъекта Российской Федерации специального разрешения на движение по автомобильным дорогам транспортных средств, осуществляющих перевозки опасных, тяжеловесных и (или) крупногабаритных грузов, зачисляемая в бюджеты субъектов Российской Федерации | B66: 010 | C66: 00010807172010000110 | D66: 75000 | E66: 44800 | F66: 30200
A67: Государственная пошлина за совершение уполномоченным органом юридически значимых действий, связанных с выдачей удостоверения частного охранника | B67: 010 | C67: 00010807190010000110 | D67: 0 | E67: 18650 | F67: 0
A68: Государственная пошлина за повторную выдачу свидетельства о постановке на учет в налоговом органе | B68: 010 | C68: 00010807310010000110 | D68: 45000 | E68: 22200 | F68: 22800
A69: Государственная пошлина за совершение уполномоченным федеральным органом исполнительной власти действий по выдаче лицензий и разрешений в сфере оборота оружия | B69: 010 | C69: 00010807440010000110 | D69: 0 | E69: 0 | F69: 0
A70: Государственная пошлина за выдачу лицензии на приобретение, экспонирование или коллекционирование оружия и патронов к нему, за исключением выдачи лицензии на приобретение газового пистолета, револьвера, сигнального оружия, холодного клинкового оружия, предназначенного для ношения с национальными костюмами народов Российской Федерации или казачьей формой | B70: 010 | C70: 00010807441010000110 | D70: 102000 | E70: 20000 | F70: =D70-E70 -> 82000
A71: Государственная пошлина за выдачу (продление срока действия) лицензии на приобретение газового пистолета, револьвера, сигнального оружия, холодного клинкового оружия, предназначенного для ношения с национальными костюмами народов Российской Федерации или казачьей формой | B71: 010 | C71: 00010807442010000110 | D71: 0 | E71: 500 | F71: 0
A72: Государственная пошлина за выдачу (продление срока действия) разрешения на хранение оружия, хранение и ношение оружия, хранение и использование оружия, ввоз в Российскую Федерацию оружия и патронов к нему или вывоз из Российской Федерации оружия и патронов к нему | B72: 010 | C72: 00010807443010000110 | D72: 0 | E72: 39500 | F72: 0
A73: Государственная пошлина за переоформление лицензии на приобретение оружия и патронов к нему, разрешения на хранение оружия, хранение и ношение оружия, хранение и использование оружия, ввоз в Российскую Федерацию оружия и патронов к нему или вывоз из Российской Федерации оружия и патронов к нему | B73: 010 | C73: 00010807444010000110 | D73: 0 | E73: 750 | F73: 0
A74: Доходы, получаемые в виде арендной платы, а также средства от продажи права на заключение договоров аренды за земли, находящиеся в собственности городских округов (за исключением земельных участков муниципальных бюджетных и автономных учреждений) | B74: 010 | C74: 00011105024040000120 | D74: 2439000 | E74: 665871.94 | F74: 1773128.1
A75: Доходы от сдачи в аренду имущества, находящегося в оперативном управлении органов управления городских округов и созданных ими учреждений (за исключением имущества муниципальных бюджетных и автономных учреждений) | B75: 010 | C75: 00011105034040000120 | D75: 25310000 | E75: 11151367 | F75: 14158633
A76: Доходы от перечисления части прибыли, остающейся после уплаты налогов и иных обязательных платежей государственных унитарных предприятий субъектов Российской Федерации | B76: 010 | C76: 00011107012020000120 | D76: 15360000 | E76: 76059.41 | F76: 15283941
A77: Плата за негативное воздействие на окружающую среду | B77: 010 | C77: 00011201010016000120 | D77: 17283000 | E77: 11457185 | F77: 5825814.8
A78: Плата за предоставление сведений и документов, содержащихся в Едином государственном реестре юридических лиц и в Едином государственном реестре индивидуальных предпринимателей | B78: 010 | C78: 00011301020010000130 | D78: 130000 | E78: 10800 | F78: 119200
A79: Плата за предоставление информации из реестра дисквалифицированных лиц | B79: 010 | C79: 00011301190010000130 | D79: 0 | E79: 100 | F79: 0
A80: Прочие доходы от оказания платных услуг (работ) получателями бюджетов городских округов | B80: 010 | C80: 00011301994040000130 | D80: 53335100 | E80: 26842604 | F80: 26492496
A81: Доходы, поступающие в порядке возмещения федеральному бюджету расходов, направленных на покрытие процессуальных издержек | B81: 010 | C81: 00011302030010000130 | D81: 0 | E81: 1200 | F81: 0
A82: Прочие доходы от компенсации затрат бюджетов городских округов | B82: 010 | C82: 00011302994040000130 | D82: 2493000 | E82: 2104290.9 | F82: 388709.1
... A85: Административные штрафы, установленные главой 5 Кодекса Российской Федерации об административных правонарушениях, за административные правонарушения, посягающие на права граждан | B85: 010 | C85: 00011601050010000140 | D85: 0 | E85: 0 | F85: 0
A86: Административные штрафы, установленные главой 5 Кодекса Российской Федерации об административных правонарушениях, за административные правонарушения, посягающие на права граждан, налагаемые судьями федеральных судов, должностными лицами федеральных государственных органов, учреждений, Центрального банка Российской Федерации | B86: 010 | C86: 00011601051010000140 | D86: 1400000 | E86: 148000 | F86: =D86-E86 -> 1252000
A87: Административные штрафы, установленные главой 5 Кодекса Российской Федерации об административных правонарушениях, за административные правонарушения, посягающие на права граждан, налагаемые мировыми судьями, комиссиями по делам несовершеннолетних и защите их прав | B87: 010 | C87: 00011601053010000140 | D87: 15000 | E87: 600 | F87: 14400
A88: Административные штрафы, установленные главой 6 Кодекса Российской Федерации об административных правонарушениях, за административные правонарушения, посягающие на здоровье, санитарно-эпидемиологическое благополучие населения и общественную нравственность | B88: 010 | C88: 00011601060010000140 | D88: 0 | E88: 0 | F88: 0
A89: Административные штрафы, установленные главой 6 Кодекса Российской Федерации об административных правонарушениях, за административные правонарушения, посягающие на здоровье, санитарно-эпидемиологическое благополучие населения и общественную нравственность, налагаемые судьями федеральных судов, должностными лицами федеральных государственных органов, учреждений, Центрального банка Российской Федерации | B89: 010 | C89: 00011601061010000140 | D89: 516000 | E89: =186708.39+1000 -> 187708.39 | F89: =D89-E89 -> 328291.61
A90: Административные штрафы, установленные главой 6 Кодекса Российской Федерации об административных правонарушениях, за административные правонарушения, посягающие на здоровье, санитарно-эпидемиологическое благополучие населения и общественную нравственность, налагаемые мировыми судьями, комиссиями по делам несовершеннолетних и защите их прав | B90: 010 | C90: 00011601063010000140 | D90: 36000 | E90: 7000 | F90: 29000
A91: Административные штрафы, установленные главой 7 Кодекса Российской Федерации об административных правонарушениях, за административные правонарушения в области охраны собственности, налагаемые судьями федеральных судов, должностными лицами федеральных государственных органов, учреждений, Центрального банка Российской Федерации | B91: 010 | C91: 00011601071010000140 | D91: 10000 | E91: 900 | F91: =D91-E91 -> 9100
A92: Административные штрафы, установленные главой 9 Кодекса Российской Федерации об административных правонарушениях, за административные правонарушения в промышленности, строительстве и энергетике, налагаемые судьями федеральных судов, должностными лицами федеральных государственных органов, учреждений, Центрального банка Российской Федерации | B92: 010 | C92: 00011601091010000140 | D92: 0 | E92: 2000 | F92: 0
A93: Административные штрафы, установленные главой 11 Кодекса Российской Федерации об административных правонарушениях, за административные правонарушения на транспорте | B93: 010 | C93: 00011601111010000140 | D93: 5000 | E93: 0 | F93: 5000
A94: Административные штрафы, установленные главой 11 Кодекса Российской Федерации об административных правонарушениях, за административные правонарушения на транспорте, налагаемые судьями федеральных судов, должностными лицами федеральных государственных органов, учреждений, Центрального банка Российской Федерации | B94: 010 | C94: 00011601111010000140 | D94: 0 | E94: 1000 | F94: 0
A95: Административные штрафы, установленные главой 12 Кодекса Российской Федерации об административных правонарушениях, за административные правонарушения в области дорожного движения | B95: 010 | C95: 00011601120010000140 | D95: 0 | E95: 0 | F95: 0
A96: Административные штрафы, установленные главой 12 Кодекса Российской Федерации об административных правонарушениях, за административные правонарушения в области дорожного движения, налагаемые судьями федеральных судов, должностными лицами федеральных государственных органов, учреждений | B96: 010 | C96: 00011601121010000140 | D96: 10111000 | E96: =4395844.12+2500 -> 4398344.1 | F96: =D96-E96 -> 5712655.9
A97: Административные штрафы, установленные главой 12 Кодекса Российской Федерации об административных правонарушениях, за административные правонарушения в области дорожного движения, налагаемые мировыми судьями, комиссиями по делам несовершеннолетних и защите их прав | B97: 010 | C97: 00011601123010000140 | D97: 3000 | E97: 1500 | F97: 1500
A98: Административные штрафы, установленные главой 14 Кодекса Российской Федерации об административных правонарушениях, за административные правонарушения в области предпринимательской деятельности и деятельности саморегулируемых организаций | B98: 010 | C98: 00011601140010000140 | D98: 0 | E98: 0 | F98: 0
A99: Административные штрафы, установленные главой 14 Кодекса Российской Федерации об административных правонарушениях, за административные правонарушения в области предпринимательской деятельности и деятельности саморегулируемых организаций, налагаемые судьями федеральных судов, должностными лицами федеральных государственных органов, учреждений, Центрального банка Российской Федерации | B99: 010 | C99: 00011601141010000140 | D99: 767000 | E99: 378000 | F99: =D99-E99 -> 389000
A100: Административные штрафы, установленные главой 15 Кодекса Российской Федерации об административных правонарушениях, за административные правонарушения в области финансов, налогов и сборов, страхования, рынка ценных бумаг | B100: 010 | C100: 00011601151010000140 | D100: 2463000 | E100: 0 | F100: 2463000
A101: Административные штрафы, установленные главой 17 Кодекса Российской Федерации об административных правонарушениях, за административные правонарушения, посягающие на институты государственной власти, налагаемые судьями федеральных судов, должностными лицами федеральных государственных органов, учреждений, Центрального банка Российской Федерации | B101: 010 | C101: 00011601171010000140 | D101: 0 | E101: 12000 | F101: 0
A102: Административные штрафы, установленные главой 19 Кодекса Российской Федерации об административных правонарушениях, за административные правонарушения против порядка управления | B102: 010 | C102: 00011601190010000140 | D102: 0 | E102: 0 | F102: 0
A103: Административные штрафы, установленные главой 19 Кодекса Российской Федерации об административных правонарушениях, за административные правонарушения против порядка управления, налагаемые судьями федеральных судов, должностными лицами федеральных государственных органов, учреждений, Центрального банка Российской Федерации | B103: 010 | C103: 00011601191010000140 | D103: 260000 | E103: 154000 | F103: =D103-E103 -> 106000
A104: Административные штрафы, установленные главой 20 Кодекса Российской Федерации об административных правонарушениях, за административные правонарушения, посягающие на общественный порядок и общественную безопасность | B104: 010 | C104: 00011601200010000140 | D104: 0 | E104: 0 | F104: 0
A105: Административные штрафы, установленные главой 20 Кодекса Российской Федерации об административных правонарушениях, за административные правонарушения, посягающие на общественный порядок и общественную безопасность, налагаемые судьями федеральных судов, должностными лицами федеральных государственных органов, учреждений, Центрального банка Российской Федерации | B105: 010 | C105: 00011601201010000140 | D105: 755000 | E105: 439815.27 | F105: =D105-E105 -> 315184.73
A106: Административные штрафы, установленные главой 20 Кодекса Российской Федерации об административных правонарушениях, за административные правонарушения, посягающие на общественный порядок и общественную безопасность, налагаемые мировыми судьями, комиссиями по делам несовершеннолетних и защите их прав | B106: 010 | C106: 00011601203010000140 | D106: 41000 | E106: 5000 | F106: 36000
A107: Штрафы, установленные Уголовным кодексом Российской Федерации | B107: 010 | C107: 00011603116010000140 | D107: 50000 | E107: 30000 | F107: 20000
A108: Судебные штрафы (денежные взыскания), налагаемые судами в случаях, предусмотренных Кодексом административного судопроизводства Российской Федерации | B108: 010 | C108: 00011604030010000140 | D108: 5000 | E108: 0 | F108: 5000
A109: Штрафы за налоговые правонарушения, установленные главой 16 Налогового кодекса Российской Федерации | B109: 010 | C109: 00011605160010000140 | D109: 119000 | E109: 217014.07 | F109: 0
A110: Штрафы, неустойки, пени, уплаченные в случае просрочки исполнения поставщиком (подрядчиком, исполнителем) обязательств, предусмотренных муниципальным контрактом, заключенным муниципальным органом, казенным учреждением городского округа | B110: 010 | C110: 00011607010040000140 | D110: 400000 | E110: 15392.26 | F110: 384607.74
A111: Иные штрафы, неустойки, пени, уплаченные в соответствии с законом или договором в случае неисполнения или ненадлежащего исполнения обязательств перед федеральным государственным органом, федеральным казенным учреждением, Центральным банком Российской Федерации, государственной корпорацией | B111: 010 | C111: 00011607090010000140 | D111: 0 | E111: 10246.36 | F111: 0
A112: Доходы от денежных взысканий (штрафов), поступающие в счет погашения задолженности, образовавшейся до 1 января 2020 года, подлежащие зачислению в бюджеты бюджетной системы Российской Федерации по нормативам, действовавшим в 2019 году | B112: 010 | C112: 00011610120000000140 | D112: 0 | E112: 0 | F112: 0
A113: Доходы от денежных взысканий (штрафов), поступающие в счет погашения задолженности, образовавшейся до 1 января 2020 года, подлежащие зачислению в федеральный бюджет по нормативам, действовавшим в 2019 году | B113: 010 | C113: 00011610121010000140 | D113: 1200000 | E113: -5189.14 | F113: =D113-E113 -> 1205189.1
A114: Доходы от денежных взысканий (штрафов), поступающие в счет погашения задолженности, образовавшейся до 1 января 2020 года, подлежащие зачислению в бюджет муниципального образования по нормативам, действовавшим в 2019 году | B114: 010 | C114: 00011610123010000140 | D114: 0 | E114: =539449.44+30000 -> 569449.44 | F114: 0
A115: Доходы от денежных взысканий (штрафов), поступающие в счет погашения задолженности, образовавшейся до 1 января 2020 года, подлежащие зачислению в федеральный бюджет и бюджет муниципального образования по нормативам, действовавшим в 2019 году | B115: 010 | C115: 00011610129010000140 | D115: 0 | E115: 4726.34 | F115: 0
A116: Невыясненные поступления, зачисляемые в федеральный бюджет | B116: 010 | C116: 00011701010010000180 | D116: 0 | E116: 24045.26 | F116: 0
A117: Прочие неналоговые доходы бюджетов городских округов | B117: 010 | C117: 00011705040040000180 | D117: 14488000 | E117: 6494760.5 | F117: 7993239.5
A118: Дотации бюджетам субъектов Российской Федерации на частичную компенсацию дополнительных расходов на повышение оплаты труда работников бюджетной сферы и иные цели | B118: 010 | C118: 00020215009020000150 | D118: 119722000 | E118: 69839000 | F118: 49883000
A119: Дотации на содержание объектов инфраструктуры города Байконура, связанных с арендой космодрома Байконур | B119: 010 | C119: 00020215011040000150 | D119: 1197568100 | E119: 844071000 | F119: 353497100
A120: Субсидии бюджетам субъектов Российской Федерации на создание в общеобразовательных организациях, расположенных в сельской местности и малых городах, условий для занятий физической культурой и спортом | B120: 010 | C120: 00020225097020000150 | D120: 20426500 | E120: 20426500 | F120: 0
A121: Субсидии бюджетам субъектов Российской Федерации на осуществление ежемесячных выплат на детей в возрасте от трех до семи лет включительно | B121: 010 | C121: 00020225302020000150 | D121: 12355900 | E121: 12355900 | F121: 0
A122: Субвенции бюджетам субъектов Российской Федерации на осуществление переданного полномочия Российской Федерации по осуществлению ежегодной денежной выплаты лицам, награжденным нагрудным знаком "Почетный донор России" | B122: 010 | C122: 00020235220020000150 | D122: 314430 | E122: 314434 | F122: 0
A123: Субвенции бюджетам субъектов Российской Федерации на оплату жилищно-коммунальных услуг отдельным категориям граждан | B123: 010 | C123: 00020235250020000150 | D123: 5153500 | E123: 5153500 | F123: 0
...

Sheet 2. Расходы бюджета
F1: Форма 0503117 с.2
A2: 2. РАСХОДЫ БЮДЖЕТА
A4: Наименование показателя | B4: Код строки | C4: Код расхода по бюджетной классификации | D4: Утверждённые бюджетные назначения | E4: Исполнено | F4: Неисполненные назначения
A6: 1 | B6: 2 | C6: 3 | D6: 4 | E6: 5 | F6: 6
A7: Расходы бюджета - всего в том числе: | B7: 200 | C7: x | D7: =SUM(D8:D182) -> 3.7468118e+09 | E7: =SUM(E8:E182) -> 2.1449118e+09 | F7: =D7-E7 -> 1.6019001e+09
A8: Фонд оплаты труда государственных (муниципальных) органов | B8: 200 | C8: 00001020000000000121 | D8: 3359000 | E8: 2594512 | F8: 764487.95
A9: Иные выплаты персоналу государственных (муниципальных) органов, за исключением фонда оплаты труда | B9: 200 | C9: 00001020000000000122 | D9: 584000 | E9: 77150.75 | F9: 506849.25
A10: Взносы по обязательному социальному страхованию на выплаты денежного содержания и иные выплаты работникам государственных (муниципальных) органов | B10: 200 | C10: 00001020000000000129 | D10: 754200 | E10: 580794.57 | F10: 173405.43
A11: Фонд оплаты труда государственных (муниципальных) органов | B11: 200 | C11: 00001040000000000121 | D11: 197556390 | E11: 1.1255809e+08 | F11: 84998299
A12: Иные выплаты персоналу государственных (муниципальных) органов, за исключением фонда оплаты труда | B12: 200 | C12: 00001040000000000122 | D12: 2034400 | E12: 599674.66 | F12: 1434725.3
A13: Взносы по обязательному социальному страхованию на выплаты денежного содержания и иные выплаты работникам государственных (муниципальных) органов | B13: 200 | C13: 00001040000000000129 | D13: 51583984 | E13: 36750107 | F13: 14833878
A14: Закупка товаров, работ, услуг в сфере информационно-коммуникационных технологий | B14: 200 | C14: 00001040000000000242 | D14: 7142700 | E14: 2755343.5 | F14: 4387356.5
A15: Прочая закупка товаров, работ и услуг | B15: 200 | C15: 00001040000000000244 | D15: 20956100 | E15: 13621042 | F15: 7335058.1
A16: Закупка энергетических ресурсов | B16: 200 | C16: 00001040000000000247 | D16: 16675404 | E16: 10640197 | F16: 6035207.1
A17: Уплата прочих налогов, сборов | B17: 200 | C17: 00001040000000000852 | D17: 204300 | E17: 137759.75 | F17: 66540.25
A18: Уплата иных платежей | B18: 200 | C18: 00001040000000000853 | D18: 32800 | E18: 12335.2 | F18: 20464.8
A19: Фонд оплаты труда государственных (муниципальных) органов | B19: 200 | C19: 00001060000000000121 | D19: 46173410 | E19: 25720297 | F19: 20453113
... A182: Субсидии бюджетным учреждениям на финансовое обеспечение государственного (муниципального) задания на оказание государственных (муниципальных) услуг (выполнение работ) | B182: 200 | C182: 00012020000000000611 | D182: 8852700 | E182: 4300703 | F182: 4551997
A183: Результат исполнения бюджета (дефицит / профицит) | B183: 450 | C183: x | D183: ='1. Доходы бюджета'!D19-'2. Расходы бюджета'!D7 -> -2.108702e+08 | E183: ='1. Доходы бюджета'!E19-'2. Расходы бюджета'!E7 -> -1.2908029e+08 | F183: 0

Sheet 3. Источники финансирования
F1: Форма 0503117 с.3
A2: 3. ИСТОЧНИКИ ФИНАНСИРОВАНИЯ ДЕФИЦИТА БЮДЖЕТА
A4: Наименование показателя | B4: Код строки | C4: Код источника финансирования дефицита бюджета по бюджетной классификации | D4: Утверждённые бюджетные назначения | E4: Исполнено | F4: Неисполненные назначения
A6: 1 | B6: 2 | C6: 3 | D6: 4 | E6: 5 | F6: 6
A7: Источники финансирования дефицита бюджета - всего | B7: 500 | C7: x | D7: =D10 -> 2.108702e+08 | E7: =E10 -> 1.2908029e+08 | F7: =D7-E7 -> 81789912
A8: в том числе: источники внутреннего финансирования бюджета из них: | B8: 520 | C8: x | D8: 0 | E8: 0 | F8: 0
A9: источники внешнего финансирования бюджета из них: | B9: 620 | C9: x | D9: 0 | E9: 0 | F9: 0
A10: Изменение остатков средств | B10: 700 | D10: =D11+D13 -> 2.108702e+08 | E10: =E11+E13 -> 1.2908029e+08 | F10: х
A11: увеличение остатков средств, всего | B11: 710 | D11: =D12 -> -3535941650 | E11: =E12 -> -2.0158315e+09 | F11: х
A12: Увеличение прочих остатков денежных средств ГО | B12: 710 | C12: 00001050201040000510 | D12: =-'1. Доходы бюджета'!D19 -> -3535941650 | E12: =-'1. Доходы бюджета'!E19 -> -2.0158315e+09 | F12: х
A13: уменьшение остатков средств, всего | B13: 720 | D13: =D14 -> 3.7468118e+09 | E13: =E14 -> 2.1449118e+09 | F13: х
A14: Уменьшение прочих остатков денежных средств ГО | B14: 720 | C14: 00001050201040000610 | D14: ='2. Расходы бюджета'!D7 -> 3.7468118e+09 | E14: ='2. Расходы бюджета'!E7 -> 2.1449118e+09 | F14: х
A16: Начальник Управления финансов администрации города Байконур | F16: А.Г. Бобрышев
A17: И.о. начальника отдела учета и отчетности Управления финансов администрации города Байконур | F17: Е.А. Ибраева
